 Dungeon Crawl Stone Soup version 0.28-a0-769-g550dbda0cd (webtiles) character file.

Game seed: 6600205202850566287

2 cheechan the Skirmisher (level 1, -2/21 HPs)
             Began as a Naga Fighter on Oct 31, 2021.
             Slain by a jackal (3 damage)
             ... on level 1 of the Dungeon.
             The game lasted 00:00:17 (31 turns).

cheechan the Skirmisher (Naga Fighter)                Turns: 31, Time: 00:00:17

Health: -2/21      AC:  3    Str: 18    XL:     1   Next: 40%
Magic:  1/1        EV:  7    Int:  8    God:
Gold:   0          SH:  4    Dex: 10    Spells: 0/0 levels left

rFire   . . .      SeeInvis +   a - +0 trident
rCold   . . .      Faith    .   c - +0 buckler
rNeg    . . .      Spirit   .   b - +0 scale mail
rPois   +          Reflect  .   (no helmet)
rElec   .          Harm     .   (no cloak)
rCorr   .          Rampage  .   (no gloves)
Will    .....                   (no barding)
Stlth   ..........              (no amulet)
HPRegen 0.07/turn               (no ring)
MPRegen 0.07/turn               (no ring)

@: very slow
A: AC +0, large, see invisible, deformed body, poison resistance, slowness 2,
spit poison 1, naga tail 1
a: Spit Poison


You were on level 1 of the Dungeon.
You visited 1 branch of the dungeon, and saw 1 of its levels.

Inventory:

Hand Weapons
 a - a +0 trident (weapon)
Armour
 b - a +0 scale mail (worn)
 c - a +0 buckler (worn)
Potions
 d - a potion of might


   Skills:
 + Level 3.0 Fighting
 + Level 2.0 Polearms
 + Level 2.4 Armour
 + Level 2.4 Shields


You couldn't memorise any spells.
You didn't know any spells.
Your spell library was empty.

Dungeon Overview and Level Annotations

Branches:
Dungeon (1/15)

Altars:


Innate Abilities, Weirdness & Mutations

Your serpentine skin is tough. (AC +0)
You have supernaturally acute eyesight. (SInv)
Armour fits poorly on your strangely shaped body.
Your system is resistant to poisons. (rPois)
You cover ground very slowly.
You can spit poison.
You have a snake-like lower body.


Message History

You have got your breath back.
The bat closely misses you. You block the jackal's attack.
The jackal bites you.
The jackal bites you but does no damage.
The goblin hits you but does no damage.
You miss the bat. The bat hits you but does no damage. The bat hits you.
The jackal bites you but does no damage.
The bat hits you but does no damage. The goblin barely misses you.
You barely miss the bat. The bat hits you but does no damage.
The jackal bites you but does no damage. x2
The jackal bites you. You block the jackal's attack.
The jackal bites you but does no damage.
The goblin hits you with a +0 dagger. The bat hits you but does no damage.
The bat barely misses you. The jackal bites you.
* * * LOW HITPOINT WARNING * * *
You block the bat's attack. The jackal bites you.
* * * LOW HITPOINT WARNING * * *
You block the jackal's attack. You block the jackal's attack.
The bat hits you but does no damage. The jackal bites you.
* * * LOW HITPOINT WARNING * * *
A bat comes into view.
The bat hits you but does no damage.
The jackal bites you but does no damage.
The bat hits you but does no damage. You block the jackal's attack.
The jackal bites you but does no damage.
Found a smoky inky potion.
The bat hits you.
* * * LOW HITPOINT WARNING * * *
The bat hits you but does no damage. The bat barely misses you.
The jackal barely misses you. The bat hits you but does no damage.
The bat barely misses you. x2
You hit the bat.
You kill the bat!
You hit the jackal but do no damage. The bat hits you.
* * * LOW HITPOINT WARNING * * *
The jackal bites you but does no damage.
You completely miss the jackal. The bat barely misses you.
The jackal bites you.
You die...

..........# ....!....##
............. ....
....... ##.... ..... .
.>... ... ..###.#.# #b#
......#.# #@#.# ...
.......†#####h#.# ....
#..........Jh#.####....
....#.....l.gh..........
. ###................
#..P#≈#P.....P#
#.P##≈##P...P##≈##
#..≈≈≈≈≈..<..≈≈≈≈≈
#.P##≈##P...P##≈##


You could see an endoplasm, 3 jackals, a goblin and a bat.

Vanquished Creatures
  An endoplasm (D:1)
  A bat (D:1)
  A frilled lizard (D:1)
3 creatures vanquished.

Notes
Turn   | Place    | Note
-------+----------+-------------------------------------------
     0 | D:1      | cheechan the Naga Fighter began the quest for the Orb.
     0 | D:1      | Reached XP level 1. HP: 21/21 MP: 1/1
    27 | D:1      | HP: 1/21 [bat (1)]
    31 | D:1      | Slain by a jackal

Illustrated notes

Levels and vault maps discovered:
D:1:      eino_arrival_water_cross, layout_basic

Action                   || total
-------------------------++-------
Melee: Trident           ||    10
 Abil: Spit Poison       ||     1
Armor: Scale mail        ||    19
Dodge: Dodged            ||    10
Block: Buckler           ||    10

Table legend: (Time is in decaauts)
 A = Elapsed time spent in this place.
 B = Non-inter-level travel time spent in this place.
 C = Inter-level travel time spent in this place.
 D = Time resting spent in this place.
 E = Time spent auto-exploring this place.
 F = Levels seen in this place.
 G = Mean time per level.
                   A        B        C        D        E       F      G
               +--------+--------+--------+--------+--------+-----+--------+
         Total |     45 |     45 |      0 |      0 |      0 |   1 |   45.0 |
       Dungeon |     45 |     45 |      0 |      0 |      0 |   1 |   45.0 |
               +--------+--------+--------+--------+--------+-----+--------+

Top non-repeatable levels by time:
     D:1: 45 daAuts
